[Event "Team 45 45 League T68"]
[Site "Internet Chess Club"]
[Date "2016.04.08"]
[Round "5"]
[White "Visin"]
[Black "Hal2001"]
[Result "0-1"]
[WhiteElo "1267"]
[BlackElo "1673"]
[Opening "Robatsch (modern) defense"]
[ECO "B06"]
[Time "09:01:05"]
[TimeControl "2700+45"]

1. e4 g6 2. d4 Bg7 3. c3 c5 4. d5 d6 5. Nf3 Nf6 6. Bd3 a6 7. Bg5 b5 8. Qd2 O-O
9. h3 Bb7 10. O-O Nbd7 11. Na3 Qc7 12. Rfe1 e6 13. dxe6 fxe6 14. Nh2 Rf7 15. c4
b4 16. Nc2 Bc6 17. Rab1 Qb7 18. f3 a5 19. Bh6 Ne5 20. Bxg7 Kxg7 21. b3 Nxd3 22.
Qxd3 d5 23. e5 Nh5 24. Ng4 d4 25. Nf2 Nf4 26. Qd1 Raf8 27. Ne4 Bxe4 28. Rxe4
Nxh3+ 29. Kf1 {White resigns} 0-1

[Event "Team 45 45 League T68"]
[Site "Internet Chess Club"]
[Date "2016.04.09"]
[Round "5"]
[White "CottageGuy"]
[Black "ausya"]
[Result "1-0"]
[WhiteElo "1760"]
[BlackElo "1673"]
[Opening "Sicilian defense"]
[ECO "B20"]
[Time "09:18:30"]
[TimeControl "2700+45"]

1. e4 c5 2. b3 Nc6 3. Bb5 Nf6 4. Nc3 g6 5. Bb2 Bg7 6. Bxc6 bxc6 7. e5 Nd5 8. Nf3
O-O 9. O-O Qc7 10. Ne4 d6 11. exd6 exd6 12. Bxg7 Kxg7 13. h3 Bf5 14. Ng3 Qd7 15.
d4 Rad8 16. dxc5 dxc5 17. Qd2 Nb4 18. Qc3+ f6 19. Rad1 Qxd1 20. Nxf5+ gxf5 21.
Rxd1 Rxd1+ 22. Kh2 Rd5 23. a3 Na6 24. Qa5 Nb8 25. Qxa7+ Nd7 26. Qc7 Rf7 27. Qxc6
Rd1 28. Nh4 f4 29. Nf5+ Kg8 30. Qe6 Kf8 31. Qe4 Nb8 32. Qxf4 Rd8 33. Nh6 Nd7 34.
Qc7 {Black resigns} 1-0

[Event "Team 45 45 League T68"]
[Site "Internet Chess Club"]
[Date "2016.04.09"]
[Round "5"]
[White "Elton2013"]
[Black "Fianchettoed"]
[Result "1/2-1/2"]
[WhiteElo "1780"]
[BlackElo "1607"]
[Opening "Benkö gambit half accepted"]
[ECO "A57"]
[Time "09:00:33"]
[TimeControl "2700+45"]

1. d4 Nf6 2. c4 c5 3. d5 b5 4. cxb5 a6 5. b6 e6 6. Nc3 Nxd5 7. Nxd5 exd5 8. Qxd5
Nc6 9. Nf3 Rb8 10. Bf4 Rxb6 11. e3 Be7 12. Bc4 O-O 13. O-O Bb7 14. Rad1 Nd4 15.
Qh5 Nxf3+ 16. gxf3 Rg6+ 17. Kh1 Qa8 18. Bd5 Bxd5 19. Rxd5 d6 20. Rfd1 Qc6 21.
Bg3 Qb5 22. b3 Re8 23. Qh3 Qc6 24. Qf1 Rg5 25. Qc4 Rb8 26. Kg2 Rb4 27. Qd3 Rxd5
28. Qxd5 Qxd5 29. Rxd5 Rb6 30. f4 a5 31. f5 f6 32. e4 Kf7 33. Kf3 Ke8 34. Ke3
Kd7 35. Kd3 a4 36. Kc3 axb3 37. axb3 Kc6 38. f3 g5 39. h3 h5 40. Be1 g4 41. fxg4
hxg4 42. hxg4 Rb4 43. Kd3 Rxb3+ 44. Ke2 Bf8 45. Bh4 Rb2+ 46. Kd3 Rg2 47. Bxf6
Rxg4 48. Bd8 Rg3+ 49. Ke2 Bh6 50. Rd3 Rxd3 51. Kxd3 Kd7 52. Bh4 Bf4 53. Kc4 Be5
54. Kd5 Ke8 55. Bf2 Bf4 56. Be1 Kf7 57. Bc3 Bg3 58. Ba5 Bf4 59. Bd8 Be5 60. Bc7
Ke8 61. f6 Bxf6 62. Bxd6 c4 63. Kxc4 Bh4 64. Kd5 Be1 65. e5 Bh4 66. e6 Be1 67.
Ke4 Bh4 68. Kf5 Be1 69. Bf4 Bb4 70. Bg5 Ba3 71. Kg6 Bb4 72. Bf6 Ba3 73. Kh7 Bb4
74. Kg8 Ba3 75. Kg7 Bb4 76. Kg6 Ba3 77. Kf5 Bb4 78. Be5 Ba3 79. Kf6 Bb4 80. Kf5
Ba3 81. Ke4 Bb4 82. Kd5 Ba3 83. Bd4 Bc1 84. Kd6 Ba3+ 85. Bc5 Bc1 {Game drawn by
mutual agreement} 1/2-1/2

[Event "Team 45 45 League T68"]
[Site "Internet Chess Club"]
[Date "2016.04.10"]
[Round "5"]
[White "Tommyboy1576"]
[Black "moodle"]
[Result "1-0"]
[WhiteElo "1497"]
[BlackElo "1578"]
[Opening "Hungarian defense"]
[ECO "C50"]
[Time "17:01:13"]
[TimeControl "2700+45"]

1. e4 e5 2. Nf3 Nc6 3. Bc4 Be7 4. d4 d6 5. dxe5 dxe5 6. Qxd8+ Bxd8 7. Nc3 Nf6 8.
Be3 Bg4 9. O-O-O a6 10. h3 Bh5 11. Rhe1 Bg6 12. Bg5 h6 13. Bh4 Nd7 14. Bxd8 Rxd8
15. Nd5 Rc8 16. Nh4 b5 17. Nxg6 fxg6 18. Bb3 a5 19. a4 b4 20. Bc4 Ne7 21. Ba6
Rd8 22. Nxc7+ Kf7 23. Bc4+ Kf6 24. Rd6+ Kg5 25. Ne6+ Kh5 26. Be2+ Kh4 27. Rh1
Nf5 28. exf5 gxf5 29. g3# {Black checkmated} 1-0

[Event "Team 45 45 League T68"]
[Site "Internet Chess Club"]
[Date "2016.04.07"]
[Round "5"]
[White "mattwang"]
[Black "TwinsburgOHUSA"]
[Result "0-1"]
[WhiteElo "1397"]
[BlackElo "1474"]
[Opening "Caro-Kann: exchange variation"]
[ECO "B13"]
[Time "21:10:57"]
[TimeControl "2700+45"]

1. e4 c6 2. d4 d5 3. exd5 cxd5 4. Nf3 Nf6 5. Bd3 e6 6. O-O h6 7. Bf4 Bd6 8. Bb5+
Nc6 9. Nc3 Bxf4 10. Qd3 O-O 11. Rfe1 a6 12. Ba4 b5 13. Bb3 Nb4 14. Qe2 Qc7 15.
a3 Nc6 16. Rad1 Bb7 17. Qd3 Ng4 18. h3 Nxf2 19. Kxf2 Bg3+ 20. Kg1 Bxe1 21. Rxe1
Na5 22. Ba2 Nc4 23. b3 Nxa3 24. Ne5 Rac8 25. Ne2 {White resigns} 0-1

[Event "Team 45 45 League T68"]
[Site "Internet Chess Club"]
[Date "2016.04.09"]
[Round "5"]
[White "Knight77"]
[Black "mejker"]
[Result "0-1"]
[WhiteElo "1777"]
[BlackElo "2164"]
[Opening "Réti opening"]
[ECO "A04"]
[Time "15:01:50"]
[TimeControl "2700+45"]

1. Nf3 d6 2. g3 Nf6 3. Bg2 c5 4. d3 g6 5. Nbd2 Bg7 6. e4 Nc6 7. O-O O-O 8. Re1
Qc7 9. h3 b5 10. Nf1 Rb8 11. Be3 Re8 12. g4 Nd7 13. Rb1 a5 14. c3 e6 15. Ng3 Nb6
16. Qd2 e5 17. Nh4 Be6 18. b3 Qd8 19. c4 b4 20. g5 Nd4 21. f4 exf4 22. Bxf4 Nc8
23. e5 dxe5 24. Bxe5 Bxe5 25. Rxe5 Nb6 26. Rbe1 Nd7 27. Ne4 Nxe5 28. Nf6+ Kh8
29. Nxe8 Nxd3 30. Qxd3 Qxg5 31. Nd6 Qxh4 32. Qe3 Rd8 33. Nb7 Rc8 34. Rf1 Qe7 35.
Qe5+ Kg8 36. Nxa5 Rc7 37. Re1 Ra7 38. Nc6 Nxc6 39. Bxc6 Rxa2 40. Bd5 Qh4 41. Qe3
Ra6 42. Bg2 Ra3 43. Rd1 Qh5 44. Rd8+ Kg7 45. Rd3 Qf5 46. Rd2 Bxc4 47. Rf2 Rxb3
{White resigns} 0-1

[Event "Team 45 45 League T68"]
[Site "Internet Chess Club"]
[Date "2016.04.11"]
[Round "5"]
[White "modiglani"]
[Black "jonesey"]
[Result "0-1"]
[WhiteElo "1898"]
[BlackElo "1992"]
[Opening "Ruy Lopez: Caro variation"]
[ECO "C70"]
[Time "14:00:46"]
[TimeControl "2700+45"]

1. e4 e5 2. Nf3 Nc6 3. Bb5 a6 4. Ba4 b5 5. Bb3 Nf6 6. Qe2 Bc5 7. c3 O-O 8. O-O
d5 9. d3 dxe4 10. dxe4 Bg4 11. h3 Bh5 12. Bg5 h6 13. Bh4 g5 14. Bg3 Qe7 15. Nbd2
Rad8 16. Rfd1 Rd6 17. Nf1 Rfd8 18. Rxd6 Rxd6 19. Ne3 Bg6 20. Nf5 Bxf5 21. exf5
Nd7 22. Re1 Qf6 23. Nxe5 Ncxe5 24. Bxe5 Nxe5 25. Qxe5 Qxe5 26. Rxe5 Bb6 27. Re7
Rf6 28. g4 h5 29. Kg2 hxg4 30. hxg4 Kf8 31. Rd7 Ke8 32. Rd3 Ke7 33. Rh3 Rd6 34.
Rh7 Rd2 35. Rxf7+ Ke8 36. Rg7 Bxf2 37. Kf3 Bh4 38. Rxc7 Rf2+ 39. Ke4 Rf4+ 40.
Ke5 Rxg4 41. Kd6 Bg3+ 42. Kc6 Bxc7 43. Kxc7 Rf4 44. Be6 g4 {White resigns} 0-1

[Event "Team 45 45 League T68"]
[Site "Internet Chess Club"]
[Date "2016.04.09"]
[Round "5"]
[White "fledermaus"]
[Black "PolishRyszard"]
[Result "1-0"]
[WhiteElo "1914"]
[BlackElo "1872"]
[Opening "Modern defense"]
[ECO "A40"]
[Time "16:01:43"]
[TimeControl "2700+45"]

1. d4 g6 2. c4 Bg7 3. Nc3 c5 4. d5 e5 5. e4 d6 6. Bd3 Nd7 7. Nf3 Ne7 8. Nb5 Nf6
9. O-O O-O 10. Ne1 a6 11. Nc3 Nh5 12. g3 Bh3 13. Ng2 Qd7 14. Be2 f5 15. exf5
Nxf5 16. Bg4 Bxg4 17. Qxg4 Nf6 18. Qh3 b5 19. Ne3 Rab8 20. Nxf5 gxf5 21. Bh6
bxc4 22. Bxg7 Kxg7 23. Rab1 Rb4 24. Rfd1 Rfb8 25. Rd2 a5 26. Qh4 Qf7 27. a3 Rb3
28. Qxc4 R8b7 29. Rc2 Qh5 30. a4 Qh3 31. Qf1 Qg4 32. Nb5 Rb6 33. Rc4 Qg6 34. Qd1
Rb4 35. Rxb4 axb4 36. Nc7 f4 37. a5 Rb7 38. Ne6+ Kh6 39. a6 Ra7 40. Ra1 Qe4 41.
Nc7 Rxc7 42. a7 Rc8 43. a8=Q Rxa8 44. Rxa8 c4 45. Rd8 c3 46. bxc3 bxc3 47. Qc1
Nxd5 48. Rxd6+ Kg7 49. Rc6 Qd3 50. Qa1 Kf7 51. Qa7+ Ne7 52. Rc7 Qd1+ 53. Kg2
Qd5+ 54. f3 Qd6 55. Qc5 Qf6 56. Qxc3 Qg5 57. Qc4+ Kf6 58. Ra7 fxg3 59. hxg3 Qd2+
60. Kh3 Qh6+ 61. Qh4+ Qxh4+ 62. Kxh4 Nf5+ 63. Kh3 h6 64. Ra6+ Kg5 65. Ra5 Kf6
66. Ra4 h5 67. Ra8 Kg5 68. Rg8+ Kf6 69. Kg2 Ne7 70. Rh8 Kg6 71. Kf2 Nf5 72. Rg8+
Kf6 73. Ke2 Kf7 74. Rg5 Kf6 75. f4 h4 76. gxh4 exf4 77. Rg4 Ke5 78. h5 Ng3+ 79.
Kf3 Nf1 80. Rxf4 Nh2+ 81. Kg3 {Black resigns} 1-0

[Event "Team 45 45 League T68"]
[Site "Internet Chess Club"]
[Date "2016.04.12"]
[Round "5"]
[White "Goli"]
[Black "ChessRooklift"]
[Result "1-0"]
[WhiteElo "1744"]
[BlackElo "1795"]
[Opening "Sicilian: Alapin's variation (2.c3)"]
[ECO "B22"]
[Time "17:00:14"]
[TimeControl "2700+45"]

1. e4 c5 2. c3 Nc6 3. d4 cxd4 4. cxd4 e6 5. Nf3 d6 6. a3 Nf6 7. Bd3 Be7 8. Nc3
Bd7 9. O-O O-O 10. h3 h6 11. Be3 a6 12. Rc1 b5 13. b4 Nh7 14. Bb1 Rc8 15. Qd3 e5
16. Rfd1 Bf6 17. dxe5 Nxe5 18. Nxe5 Bxe5 19. f4 Rxc3 20. Rxc3 Bxc3 21. Qxc3 Be6
22. Qc6 Qh4 23. f5 Bc4 24. Bf2 Qf4 25. Qxd6 Qg5 26. Qg3 Rd8 27. Re1 Qd2 28. Be3
Qc3 29. Rc1 Qxa3 30. e5 Rd2 31. Re1 Ng5 32. e6 Rd8 33. h4 Nh7 34. Qc7 Rf8 35.
Bc5 Qg3 36. Qxg3 {Black resigns} 1-0

[Event "Team 45 45 League T68"]
[Site "Internet Chess Club"]
[Date "2016.04.07"]
[Round "5"]
[White "bss2005"]
[Black "frontier"]
[Result "1-0"]
[WhiteElo "1935"]
[BlackElo "1911"]
[Opening "French: classical, Steinitz variation"]
[ECO "C14"]
[Time "17:00:27"]
[TimeControl "2700+45"]

1. e4 e6 2. d4 d5 3. Nc3 Nf6 4. Bg5 Be7 5. e5 Nfd7 6. Bxe7 Qxe7 7. f4 a6 8. Nf3
c5 9. dxc5 Nc6 10. Bd3 Nxc5 11. O-O Bd7 12. Qd2 O-O 13. f5 Nxd3 14. Qxd3 Nb4 15.
Qd2 exf5 16. a3 Nc6 17. Nxd5 Qc5+ 18. Kh1 Be6 19. Nf4 Nxe5 20. b4 Nxf3 21. Rxf3
Qb6 22. Nh5 Qd8 23. Qe3 Rc8 24. Qe5 {Black resigns} 1-0

[Event "Team 45 45 League T68"]
[Site "Internet Chess Club"]
[Date "2016.04.10"]
[Round "5"]
[White "LittleButton"]
[Black "Knight8700"]
[Result "0-1"]
[WhiteElo "1858"]
[BlackElo "1881"]
[Opening "QGD Slav: exchange variation"]
[ECO "D13"]
[Time "15:00:22"]
[TimeControl "2700+45"]

1. d4 d5 2. Nf3 Nf6 3. c4 c6 4. cxd5 cxd5 5. Nc3 g6 6. Bf4 Bg7 7. e3 O-O 8. Be2
a6 9. O-O Nc6 10. Rc1 Re8 11. Ne5 Bd7 12. Na4 Nxe5 13. dxe5 Bxa4 14. Qxa4 Nd7
15. Qd4 e6 16. Bg3 Rc8 17. Bh4 Qa5 18. a3 Bxe5 19. Qd3 Bxb2 20. Rb1 Nc5 21. Qd1
Qxa3 22. Bg3 Bf6 23. Bd6 b5 24. Rc1 Red8 25. Bxc5 Rxc5 26. Qd2 Rdc8 {White
resigns} 0-1

[Event "Team 45 45 League T68"]
[Site "Internet Chess Club"]
[Date "2016.04.09"]
[Round "5"]
[White "gomeschess"]
[Black "LiangLiang"]
[Result "0-1"]
[WhiteElo "2010"]
[BlackElo "1836"]
[Opening "Sicilian: Sozin with ...a6 and ...b5"]
[ECO "B87"]
[Time "17:30:32"]
[TimeControl "2700+45"]

1. e4 c5 2. Nf3 d6 3. d4 cxd4 4. Nxd4 Nf6 5. Nc3 a6 6. Bc4 e6 7. Bb3 b5 8. O-O
Qc7 9. Qf3 Be7 10. Qg3 O-O 11. Bh6 Nh5 12. Qg4 Qc5 13. Be3 Nf6 14. Qg3 Qc7 15.
a3 Bb7 16. Bh6 Nh5 17. Qg4 Qc5 18. Nxe6 fxe6 19. Qxe6+ Kh8 20. Qxe7 Nc6 21. Qh4
gxh6 22. Nd5 Ng7 23. Qxh6 Qd4 24. Qxd6 Qxe4 25. Qc7 Rab8 26. Rae1 Qg6 27. Re3
Nf5 28. Nf4 Qg7 29. Qxg7+ Nxg7 30. Nh3 Nf5 31. Rc3 Ncd4 32. Kh1 Nh4 33. f3 Nhxf3
34. gxf3 Bxf3+ 35. Rfxf3 Rxf3 36. Rxf3 Nxf3 37. Kg2 Nd4 38. Nf4 Nxb3 39. cxb3
Rd8 40. Ne6 Rd2+ 41. Kg3 Rxb2 42. Nc5 a5 43. h4 Rc2 44. Ne4 Ra2 45. Nd6 {White
resigns} 0-1

[Event "Team 45 45 League T68"]
[Site "Internet Chess Club"]
[Date "2016.04.06"]
[Round "5"]
[White "krysto"]
[Black "Heian"]
[Result "0-1"]
[WhiteElo "1595"]
[BlackElo "1698"]
[Opening "QGD: semi-Slav"]
[ECO "D31"]
[Time "19:02:20"]
[TimeControl "2700+45"]

1. d4 e6 2. c4 d5 3. Nc3 c6 4. Nf3 f5 5. Bg5 Be7 6. h4 Nf6 7. e3 O-O 8. Be2 Ne4
9. Bf4 Bb4 10. Qc2 Qa5 11. Rc1 Qxa2 12. O-O Bxc3 13. Ra1 Qxb2 14. Qxb2 Bxb2 15.
Ra2 Bc3 16. Bxb8 Rxb8 17. Rxa7 b5 18. cxb5 cxb5 19. Ne5 b4 20. Rb1 b3 21. Nc6
Rb6 22. Ne7+ Kh8 23. Bd1 Nd2 24. Rc1 b2 25. Rxc3 b1=Q 26. Rxc8 Qxd1+ 27. Kh2
Nf1+ 28. Kg1 Nxe3+ 29. Kh2 Ng4+ 30. Kg3 Rxc8 31. Nxc8 Rb3+ 32. f3 Qe1+ 33. Kf4
Qe3+ 34. Kg3 Qf2+ 35. Kf4 Qxd4+ 36. Kg5 h6+ 37. Kg6 Qf6+ 38. Kh5 g6# {White
checkmated} 0-1

[Event "Team 45 45 League T68"]
[Site "Internet Chess Club"]
[Date "2016.04.06"]
[Round "5"]
[White "scostanzo212"]
[Black "QuieroAprender"]
[Result "1/2-1/2"]
[WhiteElo "1522"]
[BlackElo "1598"]
[Opening "Budapest: Rubinstein variation"]
[ECO "A52"]
[Time "19:33:16"]
[TimeControl "2700+45"]

1. d4 Nf6 2. c4 e5 3. dxe5 Ng4 4. Bf4 Bb4+ 5. Nd2 Nc6 6. Nf3 Qe7 7. a3 Ngxe5 8.
Nxe5 Nxe5 9. e3 Bxd2+ 10. Qxd2 O-O 11. Be2 d6 12. O-O b6 13. f3 Bb7 14. e4 Ng6
15. Be3 f5 16. exf5 Rxf5 17. Bd3 Re5 18. Bd4 Re6 19. Rae1 Re8 {Game drawn by
mutual agreement} 1/2-1/2

[Event "Team 45 45 League T68"]
[Site "Internet Chess Club"]
[Date "2016.04.07"]
[Round "5"]
[White "isolani"]
[Black "Berke"]
[Result "1-0"]
[WhiteElo "1425"]
[BlackElo "1510"]
[Opening "Benoni defense"]
[ECO "A56"]
[Time "17:00:30"]
[TimeControl "2700+45"]

1. d4 Nf6 2. c4 c5 3. e3 b6 4. Nc3 Bb7 5. d5 d6 6. Bd3 g6 7. Nh3 Bg7 8. O-O Bc8
9. Nf4 Ng4 10. Ne6 Bxe6 11. dxe6 Ne5 12. exf7+ Kxf7 13. Be4 Nec6 14. Qf3+ Bf6
15. Bxc6 Nxc6 16. Qxc6 Kg7 17. Bd2 Rc8 18. Qd5 Re8 19. Ne4 Be5 20. Ng5 Qd7 21.
Qf7+ Kh6 22. Qxh7+ Kxg5 23. f4+ Bxf4 24. exf4+ Kf5 25. Qh3+ Kf6 26. Qxd7 e5 27.
fxe5+ Kxe5 28. Bc3+ Ke4 29. Qxd6 Rcd8 30. Rae1# {Black checkmated} 1-0

[Event "Team 45 45 League T68"]
[Site "Internet Chess Club"]
[Date "2016.04.09"]
[Round "5"]
[White "Skeptic1972"]
[Black "otherook"]
[Result "1/2-1/2"]
[WhiteElo "1561"]
[BlackElo "1770"]
[Opening "Caro-Kann defense"]
[ECO "B12"]
[Time "14:01:51"]
[TimeControl "2700+45"]

1. e4 c6 2. d4 d6 3. Nc3 e5 4. dxe5 dxe5 5. Qxd8+ Kxd8 6. Bg5+ f6 7. O-O-O+ Kc7
8. Be3 Be6 9. a3 a5 10. Nf3 Nd7 11. Be2 Nh6 12. Bxh6 gxh6 13. Nh4 Rg8 14. g3 Bc5
15. f3 Nf8 16. Nf5 Bxf5 17. exf5 Rg5 18. g4 Nd7 19. Ne4 Rg7 20. Kb1 Be7 21. Bc4
Nc5 22. h3 Nxe4 23. fxe4 Rd8 24. Rxd8 Kxd8 25. Rd1+ Kc7 26. Be6 Bd6 27. a4 h5
28. Rg1 hxg4 29. Rxg4 Rxg4 30. hxg4 Bc5 31. Kc1 {Game drawn by mutual agreement}
1/2-1/2

[Event "Team 45 45 League T68"]
[Site "Internet Chess Club"]
[Date "2016.04.09"]
[Round "5"]
[White "parrot9"]
[Black "Gojira"]
[Result "1-0"]
[WhiteElo "1736"]
[BlackElo "1603"]
[Opening "Sicilian: accelerated fianchetto, Breyer variation"]
[ECO "B39"]
[Time "06:02:56"]
[TimeControl "2700+45"]

1. e4 c5 2. Nf3 Nc6 3. d4 cxd4 4. Nxd4 g6 5. c4 Bg7 6. Be3 Nf6 7. Nc3 Ng4 8.
Qxg4 Nxd4 9. Qd1 Nc6 10. Qd2 O-O 11. Be2 a6 12. Nd5 d6 13. Nb6 Rb8 14. Nxc8 Rxc8
15. Rc1 Qa5 16. Qxa5 Nxa5 17. b3 b5 18. cxb5 Rxc1+ 19. Bxc1 Rc8 20. Bd2 Nb7 21.
bxa6 Nc5 22. f3 Nxa6 23. Bxa6 Ra8 24. Bc4 Rxa2 25. Ke2 Bc3 26. Rd1 {Black
resigns} 1-0

[Event "Team 45 45 League T68"]
[Site "Internet Chess Club"]
[Date "2016.04.09"]
[Round "5"]
[White "Ajolote"]
[Black "crazyhorses"]
[Result "1-0"]
[WhiteElo "1694"]
[BlackElo "1374"]
[Opening "Ruy Lopez: closed, Averbach variation"]
[ECO "C79"]
[Time "13:10:04"]
[TimeControl "2700+45"]

1. e4 e5 2. Nf3 Nc6 3. Bb5 a6 4. Ba4 Nf6 5. O-O d6 6. Re1 Be7 7. d4 O-O 8. Bxc6
bxc6 9. dxe5 dxe5 10. Qxd8 Rxd8 11. Nxe5 Nxe4 12. Nxc6 Bc5 13. Nxd8 Bxf2+ 14.
Kf1 Bxe1 15. Kxe1 Bd7 16. Nb7 Re8 17. Be3 Rb8 18. Nc5 Nxc5 19. Bxc5 Rxb2 20. Na3
Be6 21. Kd2 Rxa2 22. Rxa2 Bxa2 23. c4 Bb3 24. Kc3 Ba4 25. Kb4 Bc6 26. g3 f5 27.
Ka5 Bb7 28. Nc2 Kf7 29. Nb4 Bf3 30. Nxa6 h5 31. Nxc7 g5 32. Be3 Kf6 33. c5 Ke5
34. Bxg5 {Black resigns} 1-0

[Event "Team 45 45 League T68"]
[Site "Internet Chess Club"]
[Date "2016.04.05"]
[Round "5"]
[White "PsyMar"]
[Black "fireball"]
[Result "0-1"]
[WhiteElo "1388"]
[BlackElo "1568"]
[Opening "French: Winawer, advance variation"]
[ECO "C18"]
[Time "20:47:49"]
[TimeControl "2700+45"]

1. e4 e6 2. d4 d5 3. Nc3 Bb4 4. e5 c5 5. a3 Bxc3+ 6. bxc3 cxd4 7. cxd4 Nc6 8. c3
Nge7 9. f4 O-O 10. Nf3 Bd7 11. Bd3 Ng6 12. h4 f5 13. h5 Nge7 14. Nh2 Rc8 15. g4
fxg4 16. Qxg4 Nf5 17. Rg1 Qe7 18. Rb1 Na5 19. Bd2 b6 20. Nf3 Nc4 21. Kf2 Nxd2
22. Nxd2 Rxc3 23. Bxf5 Rxf5 24. Rb3 Rxb3 25. Nxb3 Qf7 26. Ke3 Rxh5 27. Nd2 Rh6
28. Qg5 Rh3+ 29. Nf3 Be8 30. Qg4 Rh6 31. Ng5 Qe7 32. f5 exf5 33. Qxf5 Qxa3+ 34.
Kf4 Rh4+ 35. Rg4 Qc1+ 36. Kg3 Qe1+ 37. Kf4 Rxg4+ 38. Kxg4 Qd1+ 39. Nf3 g6 40.
Qe6+ Bf7 41. Qc8+ Kg7 42. e6 h5+ 43. Kf4 g5+ 44. Ke3 Qb3+ 45. Ke2 Qb5+ 46. Kd2
Qe8 47. Qxe8 Bxe8 48. Nxg5 a5 49. Nf7 Bxf7 {White resigns} 0-1

[Event "Team 45 45 League T68"]
[Site "Internet Chess Club"]
[Date "2016.04.07"]
[Round "5"]
[White "bardu"]
[Black "rubo"]
[Result "1-0"]
[WhiteElo "1438"]
[BlackElo "1600"]
[Opening "Budapest: Rubinstein variation"]
[ECO "A52"]
[Time "18:10:52"]
[TimeControl "2700+45"]

1. d4 Nf6 2. c4 e5 3. dxe5 Ng4 4. Bf4 Nc6 5. Nf3 Bb4+ 6. Nbd2 Qe7 7. e3 Ngxe5 8.
Nxe5 Nxe5 9. Be2 O-O 10. O-O d6 11. Nb3 Be6 12. a3 Nc6 13. axb4 Nxb4 14. Nd4 Bd7
15. Qb3 Nc6 16. Bf3 Nxd4 17. exd4 Rfb8 18. Rfe1 Qf6 19. Bd2 Qxd4 20. Re7 Be6 21.
Bc3 Qxc4 22. Qxc4 Bxc4 23. Rxc7 d5 24. Rd1 b6 25. Bxd5 Bxd5 26. Rxd5 Rd8 27.
Rxd8+ Rxd8 28. h3 Ra8 29. Kh2 f6 30. Kg3 a6 31. Kf4 b5 32. Kf5 a5 33. Ke6 b4 34.
Bd4 Ra6+ 35. Ke7 h6 36. Rb7 Kh7 37. Rb6 Ra7+ 38. Kd6 Ra8 39. Kc5 Rd8 40. Rd6 Ra8
41. Kb5 Kg6 42. Ra6 Rd8 43. Be3 Rd5+ 44. Ka4 Rd1 45. Rxa5 h5 46. h4 Rb1 47. Kb3
Rg1 48. g3 Rb1 49. Rb5 f5 50. Rxb4 Kf7 51. Kc2 Ra1 52. Kd3 Rd1+ 53. Kc4 g6 54.
Bd4 Rc1+ 55. Kd5 Rc7 56. Kd6 Re7 57. Rc4 Re6+ 58. Kd5 Re7 59. b4 Rd7+ 60. Kc5
Ke6 61. b5 Rd5+ 62. Kb6 Rd6+ 63. Rc6 Kd5 64. Rxd6+ Kxd6 65. Bc5+ Kd5 66. Kc7 f4
67. b6 fxg3 68. fxg3 {Black resigns} 1-0

[Event "Team 45 45 League T68"]
[Site "Internet Chess Club"]
[Date "2016.04.12"]
[Round "5"]
[White "nosir"]
[Black "herrahuu"]
[Result "1-0"]
[WhiteElo "1525"]
[BlackElo "1422"]
[Opening "Caro-Kann: closed (Breyer) variation"]
[ECO "B10"]
[Time "09:02:06"]
[TimeControl "2700+45"]

1. e4 c6 2. d3 d5 3. Nd2 e5 4. Ngf3 Bg4 5. g3 f5 6. exf5 Bd6 7. Qe2 Qe7 8. Bg2
Bxf5 9. O-O Nf6 10. Re1 Nbd7 11. a3 a5 12. Nh4 Bg4 13. Bf3 Bxf3 14. Ndxf3 O-O
15. Nf5 Qe6 16. N3d4 {Black resigns} 1-0

[Event "Team 45 45 League T68"]
[Site "Internet Chess Club"]
[Date "2016.04.08"]
[Round "5"]
[White "BrerRabbit"]
[Black "PaulRichard"]
[Result "0-1"]
[WhiteElo "1447"]
[BlackElo "1784"]
[Opening "Queen's pawn: London system"]
[ECO "A45"]
[Time "19:00:35"]
[TimeControl "2700+45"]

1. d4 Nf6 2. Bf4 e6 3. e3 c5 4. c3 Be7 5. Nd2 cxd4 6. exd4 O-O 7. Bd3 Nc6 8. h3
d6 9. Ngf3 e5 10. Be3 exd4 11. Nxd4 Ne5 12. Bc2 Nd5 13. Qe2 Nxe3 14. Qxe3 Re8
15. O-O Bg5 16. Qe2 Ng6 17. Qd1 Bd7 18. N2f3 Bf6 19. Qd2 Ne5 20. Bb3 Nxf3+ 21.
Nxf3 Qb6 22. Rad1 Bb5 23. Rfe1 Rxe1+ 24. Rxe1 Re8 25. Qd5 Rxe1+ 26. Nxe1 Be8 27.
Nf3 Qc6 28. Nd2 Qxd5 29. Bxd5 b5 30. Ne4 Be7 31. Kf1 Bd7 32. Ke2 Be6 33. Bxe6
fxe6 34. Ke3 d5 35. Nd2 Bc5+ 36. Ke2 Kf7 37. Nb3 Bb6 38. f3 a6 39. Kd3 Kf6 40.
Nd4 e5 41. Ne2 Kf5 42. Kd2 Bf2 43. Kd3 g6 44. Kd2 e4 45. fxe4+ Kxe4 46. Kc2 h6
47. Kb3 Bc5 48. a4 Ke3 49. axb5 axb5 50. Nd4 Bxd4 51. cxd4 Kxd4 52. Kb4 Ke3 53.
Kxb5 d4 {White resigns} 0-1

[Event "Team 45 45 League T68"]
[Site "Internet Chess Club"]
[Date "2016.04.09"]
[Round "5"]
[White "g8wrb"]
[Black "Just-Jim"]
[Result "1/2-1/2"]
[WhiteElo "1287"]
[BlackElo "1265"]
[Opening "Pirc: Ufimtsev-Pytel variation"]
[ECO "B07"]
[Time "11:38:42"]
[TimeControl "2700+45"]

1. e4 d6 2. d4 Nf6 3. Nc3 c6 4. Nf3 Bg4 5. Be2 Nbd7 6. O-O h6 7. Bf4 Qa5 8. Qd3
e5 9. dxe5 dxe5 10. Be3 Bc5 11. Rad1 O-O 12. a3 Bxe3 13. Qxe3 Be6 14. Nd2 Qc7
15. Nc4 Bxc4 16. Bxc4 Ng4 17. Qg3 Ngf6 18. Rd2 b5 19. Bb3 Nc5 20. Re1 a5 21. Qe3
Qe7 22. Ba2 b4 23. axb4 axb4 24. Bc4 bxc3 25. Qxc3 Nfxe4 26. Qb4 Nxd2 27. Qxd2
Rad8 28. Qe3 Rde8 29. b4 Nb7 30. c3 Nd6 31. Bb3 Nb7 32. Qb6 c5 33. Re4 cxb4 34.
Rxb4 Rc8 35. h3 Rxc3 36. Qxb7 Qxb7 37. Rxb7 Rxb3 38. Rxb3 f5 39. f3 g5 40. Rb6
Kg7 41. Re6 e4 42. fxe4 fxe4 43. Rxe4 Rf5 44. Kh2 Rf4 45. Re6 h5 46. Kg1 h4 47.
Rd6 Re4 48. Kf2 Rf4+ 49. Ke3 Rf1 50. Rc6 Rf6 51. Rxf6 Kxf6 52. Ke4 Kg6 53. Ke5
Kh5 54. Kf5 Kh6 55. Kg4 Kg6 56. Kf3 Kf5 57. Ke3 g4 58. hxg4+ Kxg4 59. Kf2 Kf4
60. Kg1 Kg3 61. Kh1 h3 62. gxh3 Kxh3 {Game drawn because neither player has
mating material} 1/2-1/2

[Event "Team 45 45 League T68"]
[Site "Internet Chess Club"]
[Date "2016.04.12"]
[Round "5"]
[White "clarinetref"]
[Black "zorori"]
[Result "1/2-1/2"]
[WhiteElo "1627"]
[BlackElo "1553"]
[Opening "Scotch: Potter variation"]
[ECO "C45"]
[Time "11:06:15"]
[TimeControl "2700+45"]

1. e4 e5 2. Nf3 Nc6 3. d4 exd4 4. Nxd4 Bc5 5. Nb3 Bb6 6. Nc3 a6 7. Bd3 d6 8. Qe2
Ne5 9. h3 Be6 10. Nd5 Ba7 11. Be3 h6 12. Bxa7 Rxa7 13. Qe3 Ra8 14. Nd2 Nf6 15.
Nf4 Qe7 16. Nxe6 Qxe6 17. f4 Nc6 18. f5 Qe7 19. O-O O-O 20. Rfe1 Rfe8 21. c3 d5
22. Qf4 Qc5+ 23. Kh1 Ne5 24. Bc2 Rad8 25. Nb3 Qb6 26. Rad1 c6 27. exd5 Nfd7 28.
f6 Ng6 29. Rxe8+ Rxe8 30. Bxg6 Nxf6 31. Bf5 Nxd5 32. Qd4 Qc7 33. Be4 Nf6 34. Bf3
Qg3 35. Nc5 Qc7 36. Ne4 Nxe4 37. Bxe4 Qe7 38. Bf3 Qc7 39. Rf1 Qa5 40. Qd7 Rf8
41. a3 Qb5 42. Rf2 Qb6 43. Rd2 Qb5 44. Be2 Qb6 45. Qd4 Qc7 46. Bd3 Re8 47. Re2
Rxe2 48. Bxe2 Qe7 49. Bd3 Qe1+ 50. Kh2 Qe7 51. Qe4 Qd6+ 52. g3 g6 53. Qe8+ Kg7
54. Qe4 Kg8 55. Qd4 Qe7 56. Qf4 Kh7 57. h4 Kg7 58. Qd4+ Kh7 59. h5 Qe6 60. hxg6+
fxg6 61. Qb6 Qe7 62. Qd4 Qe6 63. Qe4 Qf7 64. a4 Qf2+ 65. Qg2 Qf7 66. Qc2 Kg7 67.
b3 Qe6 68. Bc4 Qf6 69. Qd2 Qe7 70. Qd4+ Kh7 71. Qf4 Kg7 72. Qb8 Qd7 73. Qg8+ Kf6
74. Qh8+ Kg5 75. Qe5+ Qf5 76. Qe3+ Kf6 77. Qf4 Qxf4 78. gxf4 Kf5 79. Kg3 Ke4 80.
Kg4 Ke3 81. Bf7 h5+ 82. Kg5 h4 83. Kxh4 Kxf4 84. Bxg6 Ke3 85. Bf7 Kd3 86. c4 Kc3
87. c5 Kb4 88. Kg4 Kxc5 89. Kf4 Kd4 90. Kf5 b6 91. Ke6 c5 92. Kd6 b5 93. axb5
axb5 94. Kc6 c4 95. b4 c3 96. Bg6 Kc4 97. Bc2 Kxb4 98. Kd5 {Game drawn by mutual
agreement} 1/2-1/2